 Dungeon Crawl Stone Soup version 0.23.2-1-ga50397a (webtiles) character file.

Game seed: 2699992728527405702

162979 diana the Tortoise (level 17, 0/210 HPs)
             Began as a Demonspawn Gladiator on May 6, 2019.
             Was the Champion of Ashenzari.
             Succumbed to a swamp dragon's poison gas
             ... on level 4 of the Swamp.
             The game lasted 01:11:42 (30852 turns).

diana the Tortoise (Demonspawn Gladiator)          Turns: 30852, Time: 01:11:43

Health: 0/210      AC: 34    Str: 24    XL:     17   Next: 23%
Magic:  6/17       EV:  2    Int: 13    God:    Ashenzari [******]
Gold:   3171       SH:  5    Dex: 17    Spells: 16/16 levels left

rFire    . . .     SeeInvis +   A - +3 scimitar (flame) (curse)
rCold    . . .     Gourm    .   i - +0 buckler
rNeg     + + +     Faith    .   (armour currently unavailable)
rPois    +         Spirit   +   (helmet unavailable)
rElec    +         Reflect  .   (cloak currently unavailable)
rCorr    .         Harm     .   (gloves currently unavailable)
MR       +....     Clarity  +   (boots currently unavailable) Stlth ++........NoTele +
                                F - amulet of guardian spirit
HPRegen  0.45/turn              p - +6 ring of protection
MPRegen  0.15/turn              Y - ring of Kiestreo {rElec EV+4 Str+4}

@: lethally poisoned (0 -> -9), tree-form, very slightly contaminated, hasted,
lightly drained, very quick
A: see invisible, agile 1, clever 1, demonic guardian 2
a: Curse Item, Scrying, Transfer Knowledge, Renounce Religion


You were on level 4 of the Swamp.
You worshipped Ashenzari.
Ashenzari was exalted by your worship.
You were near starving.
You were a tree.
You visited 5 branches of the dungeon, and saw 29 of its levels.

You collected 3209 gold pieces.
You spent 38 gold pieces at shops.

Inventory:

Hand Weapons
 A - a cursed +3 scimitar of flaming (weapon)
 C - a cursed +3 great sword
Missiles
 d - 7 throwing nets (quivered)
Armour
 i - a +0 buckler (worn)
 m - a scarf of repulsion (melded)
 u - a +0 pair of gloves (melded)
 w - a cursed +2 pair of boots (melded)
 G - the cursed +0 plate armour of the Fisher (melded) {*Contam rC+ Int+2 Dex+2}
   (You found it on level 8 of the Dungeon)

   It affects your intelligence (+2).
   It affects your dexterity (+2).
   It protects you from cold.
   It causes magical contamination when unequipped.
   It has a curse placed upon it.
 N - +0 ice dragon scales
Jewellery
 j - an uncursed ring of flight
 p - a +6 ring of protection (left branch)
 F - an amulet of guardian spirit (around neck)
 Y - the ring of Kiestreo (right branch) {rElec EV+4 Str+4}
   (You found it on level 6 of the Lair of Beasts)

   [ring of evasion]

   It affects your evasion (+4).
   It affects your strength (+4).
   It insulates you from electricity.
 Z - a +5 ring of strength
Wands
 o - a wand of scattershot (8)
 s - a wand of clouds (4)
 z - a wand of digging (8)
 D - a wand of flame (18)
 K - a wand of acid (12)
Scrolls
 a - a scroll of silence {unknown}
 g - a scroll of blinking
 l - 7 scrolls of magic mapping
 r - 7 scrolls of teleportation
 t - 3 scrolls of fear {unknown}
 y - 7 scrolls of amnesia {unknown}
 B - 7 scrolls of enchant armour
 H - 3 scrolls of enchant weapon
 I - a scroll of holy word {unknown}
 Q - 2 scrolls of torment {unknown}
 R - 2 scrolls of summoning {unknown}
 S - 4 scrolls of remove curse
 X - 3 scrolls of fog {unknown}
Potions
 h - 4 potions of agility
 n - 4 potions of flight
 q - 3 potions of resistance
 x - 3 potions of cancellation
 E - a potion of lignification
 J - 2 potions of might
 L - 3 potions of magic
 M - a potion of brilliance
 T - a potion of haste
 V - 2 potions of invisibility
Miscellaneous
 b - a box of beasts
 k - a phantom mirror
 P - 2 sacks of spiders
Comestibles
 f - 51 rations


   Skills:
 + Level 14.3(14.0) Fighting
 - Level 11.8(15.6) Long Blades
 - Level 1.7(1.5) Throwing
 * Level 17.8(17.4) Armour
 + Level 13.4(13.1) Dodging
 - Level 4.0(3.7) Shields


You had 16 spell levels left.
You didn't know any spells.
Your spell library contained the following spells:

 Spells                   Type           Power        Failure   Level  Hunger
 Flame Tongue             Conj/Fire      #....        30%         1    ##.....
 Summon Butterflies       Summ           #.......     30%         1    ##.....
 Call Imp                 Summ           #.......     43%         2    ###....
 Throw Flame              Conj/Fire      #.....       43%         2    ###....
 Call Canine Familiar     Summ           #.......     67%         3    ####...
 Conjure Flame            Conj/Fire      #.......     67%         3    ####...
 Inner Flame              Hex/Fire       #.......     67%         3    ####...
 Cause Fear               Hex            #.........   97%         4    #####..
 Ice Form                 Ice/Tmut       #.......     97%         4    #####..
 Sticky Flame             Conj/Fire      #.......     97%         4    #####..
 Bolt of Magma            Conj/Fire/Erth #.........   100%        5    ######.
 Fireball                 Conj/Fire      #.........   100%        5    ######.
 Metabolic Englaciation   Hex/Ice        #.........   100%        5    ######.
 Silence                  Hex/Air        #.........   100%        5    ######.
 Yara's Violent Unravell  Hex/Tmut       #.........   100%        5    ######.
 Bolt of Cold             Conj/Ice       #.........   100%        6    #######
 Bolt of Fire             Conj/Fire      #.........   100%        6    #######
 Deflect Missiles         Chrm/Air       #.........   100%        6    #######
 Freezing Cloud           Conj/Ice/Air   #.........   100%        6    #######
 Ozocubu's Refrigeration  Ice            #.........   100%        6    #######
 Simulacrum               Ice/Necr       #.........   100%        6    #######
 Discord                  Hex            #.........   100%        8    #######


Dungeon Overview and Level Annotations

Branches:
Dungeon (15/15)            Temple (0/1) D:5            Lair (6/6) D:10
  Swamp (4/4) Lair:3       Spider (0/4) Lair:3        Slime (0/5) Lair:6
    Orc (2/2) D:11            Elf (2/3) Orc:2        Vaults (0/5) D:13
 Depths (0/5) D:15

Altars:
Ashenzari
Fedhas
Gozag
Nemelex Xobeh
Okawaru
Qazlal
Sif Muna
Trog
Xom
Yredelemnul
Zin
Beogh

Shops:
D:5 [   D:10 ?   Orc:2 (:%?

Portals:
Pandemonium: Orc:2

Annotations:
D:3 2 transporters
D:4 1 runed translucent door, Crazy Yiuf
Swamp:2 2 runed translucent doors, Ogaoliudd's ghost, journeyman MiBe


Innate Abilities, Weirdness & Mutations

((You have a pair of large horns on your head.))
((You are mostly covered in large bone plates. (SH +6)))
A demonic guardian rushes to your aid.
((Your flesh is heat resistant. (rF+)))
((You are partially covered in sharp spines.))
You have supernaturally acute eyesight. (SInv)
You are agile. (Dex +2)
Your mind is acute. (Int +2)
((You are resistant to electric shocks. (rElec)))


Message History

Press: ? - help, Dir - move target cursor, f - spiny frog
Aim: a spiny frog (noxious fumes)
You create a blast of noxious fumes!
* * * LOW HITPOINT WARNING * * *
You feel sick.
The swamp worm is engulfed in noxious fumes.
The spiny frog stings you!
* * * LOW HITPOINT WARNING * * *
Unknown command.
Okay, then.
Curse which item? (5 remove curse scrolls left) (Esc to abort) (? for menu, Esc to quit)
Your +3 scimitar of flaming glows black for a moment.
Your weapon branch is bound.
You are slightly bound.
* * * LOW HITPOINT WARNING * * *
You feel sick.
The spiny frog stings you but does no damage.
The swamp worm is engulfed in noxious fumes.
The swamp worm appears confused.
You are near starving!
You die...

** ≈≈≈ ≈≈* , ,≈
≈..≈..♣. ≈.. , ,**≈≈♣.
.♣≈.♣♣. *≈≈♣♣♣♣♣♣≈.≈ ,
,...♣.. ♣≈≈≈≈.≈.≈k≈
≈≈≈. ♣♣≈ ♣♣≈≈≈≈≈.≈t≈
{≈ ≈*♣≈≈ ♣≈≈≈°°≈.≈ ,≈
≈≈≈≈≈≈≈ ♣♣.≈≈°°≈≈, ≈,
♣♣♣♣≈ ≈≈♣≈ ♣..§≈°°.♣**
≈≈... ≈≈♣≈ *
♣.≈...°♣♣♣ * ≈≈≈≈≈≈ .≈
*,,
♣.≈.♣°°§Fw♣♣♣.≈≈≈.. ,
≈. *≈ ♣
,,♣♣≈.♣♣§§..≈≈≈≈≈*≈,≈≈
* ≈≈ *♣.≈≈.{v≈≈≈≈≈≈♣≈≈
, , ≈
♣≈.≈≈≈≈≈≈≈≈≈.≈*,≈≈≈ *
,≈≈,* ♣♣.§≈n≈§≈≈≈≈.♣ ,
* * ,,≈, ♣.≈≈≈≈≈≈..≈≈.
, ** * , *
♣♣.≈≈≈≈.≈≈v≈v ** ≈
♣♣.....♣♣♣.≈ ≈


You could see an alligator, a spiny frog, a swamp worm (confused), a swamp drake
and an insubstantial wisp.

Vanquished Creatures
  Gastronok (Lair:2)
  A thorn hunter (Swamp:3)
  Kirke (D:15)
  Roxanne (Elf:1)
  A deep elf sorcerer (Elf:1)
  An emperor scorpion (D:15)
  A very ugly thing (Swamp:3)
  The ghost of tsouns the Fighter, a journeyman OgWz of Hepliaklqana (Orc:1)
  A deep elf death mage (Elf:1)
  2 eidola (D:14)
  Fannar (Lair:2)
  An ice dragon (Lair:6)
  11 hydras
  A shambling mangrove (Swamp:4)
  4 alligators
  2 ghost crabs (Swamp:3)
  A two-headed ogre (D:13)
  2 centaur warriors
  3 dancing weapons (Elf:1)
  A catoblepas (Lair:6)
  9 death yaks
  2 tengu warriors (D:15)
  A vampire mage (D:14)
  3 orc high priests (Orc:2)
  4 deep elf knights (Elf:1)
  3 skeletal warriors (D:14)
  A torturous demonspawn (Orc:2)
  3 wizards
  An infernal demonspawn (Orc:2)
  2 deep elf archers
  7 swamp dragons
  A spriggan druid (Swamp:2)
  3 phantasmal warriors (D:14)
  5 orc knights
  4 lindwurms (Lair:6)
  22 deep elf magi
  2 manticores
  9 orc sorcerers (Orc:2)
  11 ugly things
  A wolf spider (Lair:6)
  An oklob plant (D:12)
  A salamander (D:15)
  5 cyclopes
  2 moths of wrath (Orc:1)
  6 black mambas
  8 elephants (Lair:6)
  An orange demon (Orc:2)
  11 spiny frogs
  3 torpor snails (Lair:6)
  A rime drake (Lair:3)
  4 komodo dragons
  2 kobold demonologists
  An efreet (D:13)
  2 tengu conjurers (D:15)
  A queen bee (D:13)
  6 trolls
  A harpy zombie (D:14)
  A troll (shapeshifter) (D:15)
  3 meliai (D:13)
  13 hornets
  11 tyrant leeches
  3 bog bodies
  21 slime creatures
  Prince Ribbit (Lair:2)
  8 blink frogs
  9 hippogriffs
  3 meliai zombies (D:14)
  3 flying skulls (D:14)
  A vampire (D:14)
  3 redbacks (Lair:6)
  2 spriggans
  4 shadows
  19 yaks
  2 water elementals
  13 wyverns
  A hog (D:15)
  A basilisk (Lair:3)
  3 wraiths (Lair:5)
  Grum (Lair:1)
  9 vampire mosquitoes
  13 insubstantial wisps
  7 wargs
  A soldier ant (D:13)
  14 swamp worms
  7 porcupines
  18 water moccasins
  8 sky beasts
  9 swamp drakes
  18 orc warriors
  3 ice beasts
  A black bear (D:7)
  2 necrophages
  A phantom (D:5)
  A boggart (Elf:1)
  7 centaurs
  A hornet zombie (D:14)
  11 ogres
  9 wolves
  12 crocodiles
  9 big kobolds
  16 bullfrogs
  An earth elemental (Elf:1)
  2 wyvern skeletons
  5 scorpions
  17 killer bees
  11 wights
  5 crimson imps
  8 howler monkeys
  A bullfrog zombie (D:11)
  A quasit (D:9)
  9 centaur zombies
  7 jellies
  22 orc priests
  14 orc wizards
  A bullfrog skeleton (D:11)
  17 centaur skeletons
  10 hounds
  7 iguanas
  5 worker ants
  2 hell rats (Lair:3)
  A hound zombie (D:7)
  A howler monkey skeleton (D:6)
  3 gnolls (D:7)
  9 adders
  6 shadow imps
  An ooze (D:3)
  An adder skeleton (D:9)
  2 adder zombies
  2 worms
  4 leopard geckos
  79 orcs
  9 bats
  6 giant cockroaches
  4 goblins
  12 hobgoblins
  6 jackals
  5 quokkas
  3 ball pythons
  8 frilled lizards
  A jackal skeleton (D:9)
  23 kobolds
  A leopard gecko skeleton (D:8)
  A quokka zombie (D:7)
  6 rats
  A spectral orc (D:5)
  2 plants (Lair:6)
833 creatures vanquished.

Vanquished Creatures (collateral kills)
  A thorn hunter (Swamp:2)
  Nessos (Lair:5)
  Snorg (Lair:4)
  A deep elf death mage (Elf:1)
  An ogre mage (D:13)
  Josephine (Lair:5)
  5 hydras
  Harold (Lair:1)
  2 alligators
  4 two-headed ogres
  7 death yaks
  3 orc high priests
  A sun demon (Orc:2)
  A deep elf knight (Elf:1)
  An infernal demonspawn (Orc:2)
  A skeletal warrior (D:13)
  2 swamp dragons
  4 deep elf archers
  An orc knight (Orc:2)
  2 lindwurms (Lair:6)
  11 deep elf magi
  2 ugly things
  A cyclops (D:13)
  9 slime creatures
  A guardian serpent (Lair:6)
  3 elephants (Lair:6)
  A gargoyle (D:12)
  4 torpor snails
  A smoke demon (Orc:2)
  4 black mambas
  A spiny frog (Lair:1)
  3 komodo dragons
  A rime drake (Lair:2)
  A jumping spider (Lair:3)
  A tyrant leech (Swamp:3)
  A hornet (Lair:6)
  2 blink frogs (Lair:5)
  A hippogriff (Lair:2)
  A flying skull (D:14)
  A wyvern (Lair:6)
  A spriggan (D:9)
  2 wraiths
  15 yaks
  A redback (Lair:6)
  A basilisk (Lair:4)
  5 wargs
  An insubstantial wisp (Swamp:3)
  3 water moccasins
  6 orc warriors
  A porcupine (D:10)
  2 black bears
  A swamp drake (Swamp:2)
  2 ogres
  3 wolves
  A crocodile (Lair:2)
  5 bullfrogs
  2 big kobolds
  An earth elemental (Elf:1)
  A scorpion (D:12)
  A killer bee (D:10)
  7 wights
  A crimson imp (D:14)
  2 orc priests (Orc:2)
  3 orc wizards
  3 hell rats (Lair:3)
  A leopard gecko (D:5)
  8 orcs
  2 kobolds
  A quokka (D:6)
  A fungus (D:10)
  A plant (D:10)
176 creatures vanquished.

Vanquished Creatures (others)
  A shambling mangrove (Swamp:4)
  3 hornets (Swamp:4)
  A spriggan (Swamp:4)
  2 swamp drakes (Swamp:4)
  2 briar patches (Swamp:2)
  6 fungi
  A plant (Lair:6)
16 creatures vanquished.

Grand Total: 1025 creatures vanquished

Notes
Turn   | Place    | Note
-------+----------+-------------------------------------------
     0 | D:1      | diana the Demonspawn Gladiator began the quest for the Orb.
     0 | D:1      | Reached XP level 1. HP: 16/16 MP: 1/1
   155 | D:1      | Gained mutation: You have a pair of small horns on your
                  | head. [demonic ancestry]
   155 | D:1      | Reached XP level 2. HP: 21/22 MP: 2/2
   522 | D:1      | Reached skill level 1 in Armour
   587 | D:2      | Noticed a scorpion
   660 | D:2      | Found a shattered altar of Ashenzari.
   680 | D:2      | Gained mutation: You have a pair of horns on your head.
                  | [demonic ancestry]
   680 | D:2      | Reached XP level 3. HP: 25/27 MP: 3/3
   714 | D:2      | Became a worshipper of Ashenzari the Shackled
   814 | D:2      | Killed a scorpion
   814 | D:2      | Reached skill level 1 in Shields
   814 | D:2      | Reached XP level 4. HP: 24/34 MP: 4/4
  1417 | D:2      | Reached skill level 2 in Armour
  1494 | D:3      | Reached XP level 5. HP: 23/40 MP: 5/5
  1572 | D:3      | Found a transporter.
  1590 | D:3      | Found a shimmering altar of Xom.
  1727 | D:3      | Found a glowing silver altar of Zin.
  1861 | D:3      | Found a transporter.
  2139 | D:4      | Found a runed translucent door.
  2140 | D:4      | Noticed Crazy Yiuf
  2213 | D:4      | Gained mutation: A weak demonic guardian rushes to your
                  | aid. [demonic ancestry]
  2213 | D:4      | Reached XP level 6. HP: 45/47 MP: 6/6
  2248 | D:4      | Reached skill level 3 in Armour
  2444 | D:4      | Reached * piety under Ashenzari
  2675 | D:5      | Entered Level 5 of the Dungeon
  2679 | D:5      | Noticed a sky beast
  2703 | D:5      | Killed a sky beast
  2839 | D:5      | Reached XP level 7. HP: 50/52 MP: 7/7
  2843 | D:5      | Found Kyanaso's Armour Shoppe.
  3029 | D:5      | Reached skill level 4 in Armour
  3111 | D:5      | Found a staircase to the Ecumenical Temple.
  3528 | D:5      | Found a basalt altar of Yredelemnul.
  3796 | D:6      | Gained mutation: A demonic guardian rushes to your aid.
                  | [demonic ancestry]
  3796 | D:6      | Reached XP level 8. HP: 43/60 MP: 8/8
  4054 | D:6      | Reached skill level 5 in Armour
  4581 | D:7      | Reached skill level 5 in Dodging
  4594 | D:7      | Reached skill level 5 in Fighting
  4594 | D:7      | Reached skill level 6 in Armour
  4804 | D:7      | Reached ** piety under Ashenzari
  4952 | D:7      | Found an iron altar of Okawaru.
  4960 | D:7      | Reached skill level 5 in Long Blades
  5108 | D:7      | Found a sparkling altar of Nemelex Xobeh.
  5108 | D:7      | Found a blossoming altar of Fedhas.
  5108 | D:7      | Found an opulent altar of Gozag.
  5111 | D:7      | Found a bloodstained altar of Trog.
  5238 | D:8      | Found a stormy altar of Qazlal.
  5302 | D:8      | Found a deep blue altar of Sif Muna.
  5306 | D:8      | Gained mutation: You are partially covered in large bone
                  | plates. (SH +4) [demonic ancestry]
  5306 | D:8      | Reached XP level 9. HP: 62/68 MP: 9/9
  5474 | D:8      | Got the uncursed plate armour of the Fisher {*Contam rC+
                  | Int+2 Dex+2}
  5485 | D:8      | Identified the +0 plate armour of the Fisher {*Contam rC+
                  | Int+2 Dex+2} (You found it on level 8 of the Dungeon)
  5785 | D:9      | Found a stormy altar of Qazlal.
  5839 | D:9      | Noticed a troll
  5845 | D:9      | Killed a troll
  5895 | D:9      | Reached skill level 7 in Armour
  6182 | D:9      | Noticed a troll
  6190 | D:9      | Killed a troll
  6240 | D:10     | Entered Level 10 of the Dungeon
  6710 | D:10     | Noticed a two-headed ogre
  6714 | D:10     | Killed a two-headed ogre
  6792 | D:10     | Found Kickoa's Magic Scroll Boutique.
  6803 | D:10     | Noticed a two-headed ogre
  6814 | D:10     | Killed a two-headed ogre
  6814 | D:10     | Reached skill level 8 in Armour
  6814 | D:10     | Gained mutation: You are mostly covered in large bone
                  | plates. (SH +6) [demonic ancestry]
  6814 | D:10     | Reached XP level 10. HP: 34/77 MP: 5/10
  7202 | D:10     | Noticed a two-headed ogre
  7208 | D:10     | Killed a two-headed ogre
  7498 | D:10     | Reached skill level 9 in Armour
  7755 | D:10     | Found a staircase to the Lair.
  7908 | D:10     | Reached *** piety under Ashenzari
  8264 | D:11     | Found a staircase to the Orcish Mines.
  8287 | D:11     | Gained mutation: You are partially covered in sharp spines.
                  | [demonic ancestry]
  8287 | D:11     | Reached XP level 11. HP: 68/84 MP: 11/11
  8505 | D:12     | Found a sparkling altar of Nemelex Xobeh.
  8505 | D:12     | Noticed an oklob plant
  8563 | Lair:1   | Entered Level 1 of the Lair of Beasts
  8582 | Lair:1   | Noticed Harold
  8593 | Lair:1   | Killed Harold
  8619 | Lair:1   | Noticed Grum
  8629 | Lair:1   | Killed Grum
  8631 | Lair:1   | Reached skill level 10 in Armour
  8839 | Lair:1   | Noticed a five-headed hydra
  8861 | Lair:1   | Killed a five-headed hydra
  9208 | Lair:2   | Noticed Fannar
  9214 | Lair:2   | Killed Fannar
  9234 | Lair:2   | Noticed Gastronok
  9247 | Lair:2   | Killed Gastronok
  9475 | Lair:2   | Noticed Prince Ribbit
  9519 | Lair:2   | Reached skill level 11 in Armour
  9523 | Lair:2   | Killed Prince Ribbit
  9566 | Lair:2   | Noticed a four-headed hydra
  9802 | Lair:2   | Killed a five-headed hydra
  9802 | Lair:2   | Reached XP level 12. HP: 85/94 MP: 8/12
 10095 | Lair:2   | Reached **** piety under Ashenzari
 10431 | Lair:3   | Found a staircase to the Swamp.
 10509 | Lair:3   | Noticed a seven-headed hydra
 10585 | Lair:3   | Killed a seven-headed hydra
 10887 | Lair:3   | Found a hole to the Spider Nest.
 11410 | Lair:4   | Noticed a death yak
 11410 | Lair:4   | Noticed a death yak
 11410 | Lair:4   | Noticed a death yak
 11410 | Lair:4   | Noticed a death yak
 11410 | Lair:4   | Noticed a death yak
 11419 | Lair:4   | Killed a death yak
 11426 | Lair:4   | Killed a death yak
 11426 | Lair:4   | Reached skill level 12 in Armour
 11437 | Lair:4   | Killed a death yak
 11456 | Lair:4   | Killed a death yak
 11737 | Lair:4   | Killed a death yak
 11771 | Lair:4   | Noticed a six-headed hydra
 11786 | Lair:4   | Killed a six-headed hydra
 11999 | Lair:4   | Noticed Snorg
 12006 | Lair:4   | Killed Snorg
 12006 | Lair:4   | Reached skill level 10 in Fighting
 12009 | Lair:4   | Noticed a death yak
 12009 | Lair:4   | Noticed a death yak
 12010 | Lair:4   | Noticed a death yak
 12011 | Lair:4   | Noticed a death yak
 12012 | Lair:4   | Noticed a death yak
 12016 | Lair:4   | Killed a death yak
 12020 | Lair:4   | Killed a death yak
 12020 | Lair:4   | Reached XP level 13. HP: 79/103 MP: 10/13
 12122 | Lair:4   | Identified the cursed +1 robe "Wistawoi" {rCorr}
 12330 | Lair:4   | Gained mutation: Armour fits poorly on your strangely
                  | shaped body. [potion of mutation]
 12330 | Lair:4   | Gained mutation: Your natural rate of healing is unusually
                  | fast. [potion of mutation]
 12330 | Lair:4   | Gained mutation: You have a pair of large horns on your
                  | head. [potion of mutation]
 12331 | Lair:4   | Lost mutation: Armour fits poorly on your strangely shaped
                  | body. [potion of mutation]
 12331 | Lair:4   | Lost mutation: You have a pair of large horns on your head.
                  | [potion of mutation]
 12331 | Lair:4   | Lost mutation: Your natural rate of healing is unusually
                  | fast. [potion of mutation]
 12331 | Lair:4   | Gained mutation: You have large cloven feet. [potion of
                  | mutation]
 12331 | Lair:4   | Gained mutation: You have hoof-like feet. [potion of
                  | mutation]
 12336 | Lair:4   | Reached ***** piety under Ashenzari
 12864 | Lair:5   | Noticed Nessos
 12881 | Lair:5   | Noticed Josephine
 12896 | Lair:5   | Killed Nessos
 12900 | Lair:5   | Killed Josephine
 13838 | Lair:6   | Entered Level 6 of the Lair of Beasts
 13892 | Lair:6   | Reached skill level 13 in Armour
 14115 | Lair:6   | Found a staircase to the Slime Pits.
 14127 | Lair:6   | Reached skill level 10 in Dodging
 14144 | Lair:6   | Reached skill level 10 in Long Blades
 14738 | Lair:6   | Paralysed by a hornet for 1 turns
 14791 | Lair:6   | HP: 5/105 [guardian serpent/bolt of poison (12)]
 15296 | Lair:6   | Gained mutation: Your flesh is heat resistant. (rF+)
                  | [demonic ancestry]
 15296 | Lair:6   | Reached XP level 14. HP: 106/113 MP: 14/14
 15949 | Lair:6   | Identified the ring of Kiestreo {rElec EV+4 Str+4}
 16133 | Lair:6   | Identified the +6 short sword "Sopsaiss" {flame, Str+2
                  | Int-4 Stlth+}
 16219 | Lair:6   | Found a runed translucent door.
 16264 | Lair:6   | Reached skill level 14 in Armour
 16722 | Orc:1    | Entered Level 1 of the Orcish Mines
 16780 | Orc:1    | Found a roughly hewn altar of Beogh.
 16988 | Orc:1    | Found a transporter.
 17006 | Orc:1    | Noticed tsouns's ghost (journeyman OgWz)
 17019 | Orc:1    | Found a transporter.
 17166 | Orc:2    | Entered Level 2 of the Orcish Mines
 17447 | Orc:2    | Found Moduqohu's Magic Scroll Shoppe.
 18102 | Orc:2    | Found Paghar's Food Emporium.
 18225 | Orc:2    | Bought a scroll of immolation for 38 gold pieces
 18769 | Orc:2    | Paralysed by an orc sorcerer for 2 turns
 19210 | Orc:2    | Paralysed by an orc sorcerer for 5 turns
 19376 | Orc:2    | Found Titzovidgh's Book Shop.
 19376 | Orc:2    | Found Axo Cuse's Antique Weapon Boutique.
 19377 | Orc:2    | Found a one-way gate leading to the halls of Pandemonium.
 19429 | Orc:2    | Found a staircase to the Elven Halls.
 19611 | Orc:1    | Killed tsouns's ghost
 20131 | D:12     | Reached XP level 15. HP: 119/120 MP: 15/15
 20493 | D:12     | Reached skill level 15 in Armour
 21670 | D:13     | Found a gate to the Vaults.
 23000 | D:15     | Entered Level 15 of the Dungeon
 23512 | D:15     | Reached skill level 16 in Armour
 23578 | D:15     | Noticed Kirke
 23592 | D:15     | Killed Kirke
 23953 | D:15     | Found a staircase to the Depths.
 24222 | D:15     | Reached XP level 16. HP: 123/130 MP: 14/16
 24349 | D:15     | Found an opulent altar of Gozag.
 24670 | Elf:1    | Entered Level 1 of the Elven Halls
 25248 | Elf:1    | Noticed Roxanne
 26299 | Elf:1    | Killed Roxanne
 26793 | Swamp:1  | Entered Level 1 of the Swamp
 26890 | Swamp:1  | Reached ****** piety under Ashenzari
 27185 | Swamp:1  | Reached skill level 17 in Armour
 27548 | Swamp:1  | Identified the ring "Dacap" {rCorr rC+ MP+9 Int-5 Slay+2}
 27883 | Swamp:2  | Noticed a thorn hunter
 27900 | Swamp:2  | Killed a thorn hunter
 27946 | Swamp:2  | Found a large runed translucent door.
 27946 | Swamp:2  | Found a large runed translucent door.
 28169 | Swamp:2  | Identified the Catalogue of Creative Flames
 28645 | Swamp:2  | Noticed Ogaoliudd's ghost (journeyman MiBe)
 29271 | Swamp:3  | Noticed a thorn hunter
 29287 | Swamp:3  | Killed a thorn hunter
 29745 | Swamp:3  | Gained mutation: You have a pair of large horns on your
                  | head. [demonic ancestry]
 29745 | Swamp:3  | Reached XP level 17. HP: 139/139 MP: 17/17
 29778 | Swamp:3  | Lost mutation: You have hoof-like feet. [potion of
                  | mutation]
 29778 | Swamp:3  | Lost mutation: You have large cloven feet. [potion of
                  | mutation]
 29778 | Swamp:3  | Gained mutation: You are agile. (Dex +2) [potion of
                  | mutation]
 29778 | Swamp:3  | Gained mutation: Your mind is acute. (Int +2) [potion of
                  | mutation]
 29778 | Swamp:3  | Gained mutation: You have supernaturally acute eyesight.
                  | (SInv) [potion of mutation]
 29778 | Swamp:3  | Gained mutation: You are resistant to electric shocks.
                  | (rElec) [potion of mutation]
 30309 | Swamp:4  | Entered Level 4 of the Swamp
 30406 | Swamp:4  | HP: 6/140 [spiny frog (14)]
 30846 | Swamp:4  | HP: 7/140 [poisoned by a swamp dragon (poison gas)]
 30850 | Swamp:4  | HP: 2/210 [spiny frog (2)]
 30852 | Swamp:4  | Succumbed to a swamp dragon's poison gas

Skill      XL: |  1  2  3  4  5  6  7  8  9 10 11 12 13 14 15 16 |
---------------+-------------------------------------------------+-----
Dodging        | 3 4 5 6 7 8 9 10 11 12 13 | 13.4
Armour         | 1 2 3 4 6 8 9 11 12 13 14 16 17 | 17.8
Long Blades    | 3 4 5 6 7 8 9 10 11 | 11.8
Shields        | 1 2 3 4 |  4.0
Fighting       | 3 4 5 6 7 8 10 11 12 13 14 | 14.3
Throwing       | |  1.7

Action                   |  1- 3 |  4- 6 |  7- 9 | 10-12 | 13-15 | 16-18 || total
-------------------------+-------+-------+-------+-------+-------+-------++-------
Melee: Long sword        |    80 |   142 |   426 |    91 |  1492 |   515 ||  2746
       Headbutt          |     4 |    33 |   135 |   197 |   640 |   245 ||  1254
       Scimitar          |       |       |       |   433 |    13 |   194 ||   640
Invok: Curse Item        |       |       |     2 |     1 |     1 |     1 ||     5
       Transfer Knowledg |       |       |       |       |     1 |       ||     1
Evoke: Wand              |       |       |       |       |     5 |     1 ||     6
  Use: Potion            |       |     1 |       |       |    10 |    17 ||    28
       Scroll            |       |       |       |       |    22 |    11 ||    33
 Stab: Sleeping          |       |     1 |       |       |       |       ||     1
       Distracted        |       |       |     3 |     1 |     7 |     6 ||    17
       Confused          |       |       |       |     3 |     2 |     2 ||     7
       Held in net/web   |       |       |       |     2 |       |       ||     2
  Eat: Chunk             |       |     5 |    14 |    16 |    25 |    12 ||    72
       Ration            |       |       |       |     1 |     4 |     3 ||     8
Armor: Leather armour    |    28 |    12 |       |       |       |       ||    40
       Scale mail        |       |    26 |    95 |       |       |       ||   121
       Plate armour      |       |       |   112 |   238 |   414 |   274 ||  1038
       Skin              |       |       |       |       |       |     1 ||     1
Dodge: Dodged            |    56 |    98 |   211 |   222 |   786 |   516 ||  1889
       Deflected         |       |     3 |     3 |       |    25 |    30 ||    61
Block: Buckler           |     9 |    41 |   173 |   345 |   733 |   386 ||  1687
       Rpst.: Long sword |    13 |    33 |    59 |    11 |   174 |    47 ||   337
       Scimitar          |       |       |       |    38 |     2 |    40 ||    80
